3R
TWINSBURG TIGERS @ BOMPTON BABY LAKERS
05/07/2038
 
TOP OF THE 1ST
Twinsburg Tigers batting - Pitching for Bompton Baby Lakers : LHP Lance Barber
Pitching: LHP Lance Barber
Batting: LHB Bobby O'Kennedy 0-0: Called Strike
0-1: Ball
1-1: Called Strike
1-2: Strikes out swinging
Batting: RHB Axel Ruschmeyer 0-0: Ball
1-0: Foul Ball, location: 2F
1-1: Ball
2-1: Called Strike
2-2: Ball
3-2: Strikes out swinging
Batting: RHB Sam Hamilton 0-0: SINGLE (Line Drive, 5D, EV 94.4 MPH)
Batting: LHB Keaton Kringlen 0-0: Ball
1-0: Ball
2-0: SINGLE (Line Drive, 3D, EV 96.9 MPH)
Sam Hamilton to second
Runner from 2nd tries for 3rd, SAFE, no throw by RF
Batting: RHB Charlie Cummings 0-0: Called Strike
0-1: Ball
1-1: Swinging Strike
1-2: Ball
2-2: Foul Ball, location: 2F
2-2: Foul Ball, location: 2F
2-2: Ball
3-2: SINGLE (Flyball, 7LM, EV 87.5 MPH)
Sam Hamilton scores
Keaton Kringlen to second
Keaton Kringlen to third
Batting: LHB Aklilu Heri 0-0: Called Strike
0-1: Ball
1-1: Foul Ball, location: 2F
1-2: Reached on error, E8 (Flyball, 8RM, EV 88.8 MPH)
Keaton Kringlen scores
Charlie Cummings to third
Batting: RHB Sadiya Seth 0-0: Ball
1-0: Foul Ball, location: 2F
1-1: Ball
2-1: Ball
3-1: Swinging Strike
3-2: Base on Balls
Batting: RHB Brian Myers 0-0: Ball
1-0: Swinging Strike
1-1: Ball
2-1: Ground out 4-3 (Groundball, 4, EV 104.4 MPH)
Top of the 1st over - 2 runs, 3 hits, 1 error, 3 left on base; Twinsburg 2 - Bompton 0
BOTTOM OF THE 1ST
Bompton Baby Lakers batting - Pitching for Twinsburg Tigers : RHP Henry Terry
Pitching: RHP Henry Terry
Batting: RHB Steffen Schulte 0-0: Ground out 5-3 (Groundball, 5, EV 101.2 MPH)
Batting: RHB Denny Wolfe 0-0: Called Strike
0-1: Foul Ball, location: 2F
0-2: Strikes out swinging
Batting: LHB Ben Chell 0-0: Ball
1-0: Fly out, F8 (Line Drive, 8LM, EV 91.2 MPH)
Bottom of the 1st over - 0 runs, 0 hits, 0 errors, 0 left on base; Twinsburg 2 - Bompton 0
TOP OF THE 2ND
Twinsburg Tigers batting - Pitching for Bompton Baby Lakers : LHP Lance Barber
Batting: RHB Harold Dansey 0-0: Ball
1-0: Foul Ball, location: 2F
1-1: Swinging Strike
1-2: Foul Ball, location: 2F
1-2: Ball
2-2: Foul Ball, location: 2F
2-2: Foul Ball, location: 2F
2-2: Fly out, F9 (Flyball, 9LM, EV 93.8 MPH)
Batting: LHB Bobby O'Kennedy 0-0: Called Strike
0-1: Called Strike
0-2: Strikes out swinging
Batting: RHB Axel Ruschmeyer 0-0: Called Strike
0-1: Ball
1-1: Swinging Strike
1-2: Ball
2-2: Strikes out swinging
Top of the 2nd over - 0 runs, 0 hits, 0 errors, 0 left on base; Twinsburg 2 - Bompton 0
BOTTOM OF THE 2ND
Bompton Baby Lakers batting - Pitching for Twinsburg Tigers : RHP Henry Terry
Batting: RHB Rick Pawlowicz 0-0: Foul Ball, location: 2F
0-1: Called Strike
0-2: Ball
1-2: Foul Ball, location: 2F
1-2: Strikes out swinging
Batting: LHB Dan Knight 0-0: Foul Ball, location: 2F
0-1: Ball
1-1: Swinging Strike
1-2: Strikes out swinging
Batting: RHB Ken Gil 0-0: Ball
1-0: Called Strike
1-1: Called Strike
1-2: Foul Ball, location: 2F
1-2: Ball
2-2: Ball
3-2: Ground out 6-3 (Groundball, 6, EV 91.9 MPH)
Bottom of the 2nd over - 0 runs, 0 hits, 0 errors, 0 left on base; Twinsburg 2 - Bompton 0
TOP OF THE 3RD
Twinsburg Tigers batting - Pitching for Bompton Baby Lakers : LHP Lance Barber
Batting: RHB Sam Hamilton 0-0: Called Strike
0-1: Ball
1-1: Swinging Strike
1-2: Strikes out looking
Batting: LHB Keaton Kringlen 0-0: Called Strike
0-1: Ball
1-1: Ground out 6-3 (Groundball, 4MS, EV 87.5 MPH)
Batting: RHB Charlie Cummings 0-0: Ball
1-0: Ball
2-0: Ball
3-0: Ground out U3 (Groundball, 34, EV 103.8 MPH)
Top of the 3rd over - 0 runs, 0 hits, 0 errors, 0 left on base; Twinsburg 2 - Bompton 0
BOTTOM OF THE 3RD
Bompton Baby Lakers batting - Pitching for Twinsburg Tigers : RHP Henry Terry
Batting: RHB Jason Portillo 0-0: Called Strike
0-1: Ball
1-1: Ground out 2-3 (Groundball, 2L, EV 73.8 MPH)
Batting: LHB Jonathan Winston 0-0: Called Strike
0-1: Ball
1-1: Swinging Strike
1-2: Strikes out swinging
Batting: LHB Jon Kelly 0-0: Ball
1-0: Fly out, F6 (Popup, 6MD, EV 46.2 MPH)
Bottom of the 3rd over - 0 runs, 0 hits, 0 errors, 0 left on base; Twinsburg 2 - Bompton 0
TOP OF THE 4TH
Twinsburg Tigers batting - Pitching for Bompton Baby Lakers : LHP Lance Barber
Batting: LHB Aklilu Heri 0-0: SINGLE (Line Drive, 34D, EV 103.1 MPH)
Batting: RHB Sadiya Seth 0-0: Ball
1-0: Ball
2-0: Fielders Choice at 2nd, 1-4 (Groundball, 15S, EV 69.4 MPH)
Batting: RHB Brian Myers 0-0: Called Strike
0-1: Foul Ball, location: 2F
0-2: Ball
Sadiya Seth is caught stealing 2nd base 2-4
1-2: DOUBLE (Line Drive, 7LM, EV 106.2 MPH)
Batting: RHB Harold Dansey 0-0: Ground out 6-3 (Groundball, 6, EV 85.6 MPH)
Top of the 4th over - 0 runs, 2 hits, 0 errors, 1 left on base; Twinsburg 2 - Bompton 0
BOTTOM OF THE 4TH
Bompton Baby Lakers batting - Pitching for Twinsburg Tigers : RHP Henry Terry
Batting: RHB Steffen Schulte 0-0: Bunted foul
0-1: Called Strike
0-2: Ground out 6-3 (Groundball, 6, EV 83.8 MPH)
Batting: RHB Denny Wolfe 0-0: Called Strike
0-1: Ball
1-1: Fly out, F9 (Flyball, 9LSF, EV 100.0 MPH)
Batting: LHB Ben Chell 0-0: Called Strike
0-1: Ball
1-1: Ball
2-1: Foul Ball, location: 2F
2-2: Ball
3-2: Strikes out looking and he ARGUES THE CALL AND IS TOSSED!
Bottom of the 4th over - 0 runs, 0 hits, 0 errors, 0 left on base; Twinsburg 2 - Bompton 0
TOP OF THE 5TH
Twinsburg Tigers batting - Pitching for Bompton Baby Lakers : LHP Lance Barber
Now at 1B: Eduardo Ortíz
Batting: LHB Bobby O'Kennedy 0-0: Ground out U3 (Groundball, 3L, EV 100.6 MPH)
Batting: RHB Axel Ruschmeyer 0-0: Ball
1-0: Called Strike
1-1: Called Strike
1-2: Foul Ball, location: 2F
1-2: Foul Ball, location: 2F
1-2: Strikes out swinging
Batting: RHB Sam Hamilton 0-0: Ball
1-0: Foul Ball, location: 2F
1-1: DOUBLE (Line Drive, 7LM, EV 101.2 MPH)
Batting: LHB Keaton Kringlen 0-0: Ball
1-0: Foul Ball, location: 2F
1-1: Ball
2-1: DOUBLE (Line Drive, 89D, EV 110.0 MPH)
Sam Hamilton scores
Batting: RHB Charlie Cummings 0-0: Ball
1-0: Foul Ball, location: 2F
1-1: DOUBLE (Line Drive, 9LM, EV 107.5 MPH)
Keaton Kringlen scores
Batting: LHB Aklilu Heri 0-0: Called Strike
0-1: Ball
1-1: Fly out, F7 (Flyball, 7D, EV 100.0 MPH)
Top of the 5th over - 2 runs, 3 hits, 0 errors, 1 left on base; Twinsburg 4 - Bompton 0
BOTTOM OF THE 5TH
Bompton Baby Lakers batting - Pitching for Twinsburg Tigers : RHP Henry Terry
Batting: RHB Rick Pawlowicz 0-0: Ball
1-0: Foul Ball, location: 2F
1-1: Fly out, F9 (Flyball, 9LMF, EV 90.0 MPH)
Batting: LHB Dan Knight 0-0: Ball
1-0: Fly out, F5 (Line Drive, 5, EV 70.0 MPH)
Batting: RHB Ken Gil 0-0: Ball
1-0: Foul Ball, location: 2F
1-1: Swinging Strike
1-2: Reached on error, E5 (Groundball, 5L, EV 90.0 MPH)
Batting: RHB Jason Portillo 0-0: Called Strike
0-1: Ball
Passed Ball!
Ken Gil to second
1-1: Ball
2-1: Called Strike
2-2: SINGLE (Groundball, 56D, EV 109.4 MPH)
Ken Gil to third
Runner from 3rd tries for Home, throw by LF and OUT! 7-2
Bottom of the 5th over - 0 runs, 1 hit, 1 error, 1 left on base; Twinsburg 4 - Bompton 0
TOP OF THE 6TH
Twinsburg Tigers batting - Pitching for Bompton Baby Lakers : LHP Lance Barber
Batting: RHB Sadiya Seth 0-0: Called Strike
0-1: Foul Ball, location: 2F
0-2: Ball
1-2: Ball
2-2: Fly out, F8 (Flyball, 8LS, EV 80.6 MPH)
Pitching: RHP Yong-jun Yi
Batting: RHB Brian Myers 0-0: Ball
1-0: Foul Ball, location: 2F
1-1: Called Strike
1-2: Ball
2-2: Ball
3-2: Foul Ball, location: 2F
3-2: Fly out, F7 (Flyball, 78M, EV 84.4 MPH)
Batting: RHB Harold Dansey 0-0: Called Strike
0-1: Ball
1-1: Called Strike
1-2: Strikes out swinging
Top of the 6th over - 0 runs, 0 hits, 0 errors, 0 left on base; Twinsburg 4 - Bompton 0
BOTTOM OF THE 6TH
Bompton Baby Lakers batting - Pitching for Twinsburg Tigers : RHP Henry Terry
Batting: LHB Jonathan Winston 0-0: Swinging Strike
0-1: Fly out, F8 (Flyball, 8RD, EV 104.4 MPH)
Batting: LHB Jon Kelly 0-0: Ball
1-0: Ground out 1-3 (Groundball, 13, EV 83.1 MPH)
Batting: RHB Steffen Schulte 0-0: Ball
1-0: Foul Ball, location: 2F
1-1: Swinging Strike
1-2: Foul Ball, location: 2F
1-2: Foul Ball, location: 2F
1-2: Ball
2-2: Strikes out swinging
Bottom of the 6th over - 0 runs, 0 hits, 0 errors, 0 left on base; Twinsburg 4 - Bompton 0
TOP OF THE 7TH
Twinsburg Tigers batting - Pitching for Bompton Baby Lakers : RHP Yong-jun Yi
Batting: LHB Bobby O'Kennedy 0-0: Foul Ball, location: 2F
0-1: Called Strike
0-2: Ball
1-2: Strikes out swinging
Batting: RHB Axel Ruschmeyer 0-0: Ball
1-0: Swinging Strike
1-1: Ball
2-1: Ball
3-1: Foul Ball, location: 2F
3-2: Foul Ball, location: 2F
3-2: Strikes out swinging
Batting: RHB Sam Hamilton 0-0: Ball
1-0: Foul Ball, location: 2F
1-1: Ground out 5-3 (Groundball, 56, EV 77.5 MPH)
Top of the 7th over - 0 runs, 0 hits, 0 errors, 0 left on base; Twinsburg 4 - Bompton 0
BOTTOM OF THE 7TH
Bompton Baby Lakers batting - Pitching for Twinsburg Tigers : RHP Henry Terry
Batting: RHB Denny Wolfe 0-0: Ball
1-0: Called Strike
1-1: Called Strike
1-2: Ball
2-2: Foul Ball, location: 2F
2-2: Fly out, F8 (Flyball, 8LM, EV 94.4 MPH)
Batting: RHB Eduardo Ortíz 0-0: Ball
1-0: Ball
2-0: Called Strike
2-1: Ground out 5-3 (Groundball, 56, EV 81.9 MPH)
Batting: RHB Rick Pawlowicz 0-0: Called Strike
0-1: Foul Ball, location: 2F
0-2: Ball
1-2: Strikes out swinging
Bottom of the 7th over - 0 runs, 0 hits, 0 errors, 0 left on base; Twinsburg 4 - Bompton 0
TOP OF THE 8TH
Twinsburg Tigers batting - Pitching for Bompton Baby Lakers : RHP Yong-jun Yi
Batting: LHB Keaton Kringlen 0-0: Called Strike
0-1: Ball
1-1: Swinging Strike
1-2: Fly out, F8 (Flyball, 8LD, EV 95.6 MPH)
Batting: RHB Charlie Cummings 0-0: SINGLE (Line Drive, 9S, EV 107.5 MPH)
Batting: LHB Aklilu Heri 0-0: Ball
1-0: DOUBLE (Line Drive, 78XD, EV 104.4 MPH)
Charlie Cummings to third
Runner from 3rd tries for Home, SAFE, no throw by CF
Batting: RHB Sadiya Seth 0-0: Ground out 6-3 (Groundball, 6, EV 86.2 MPH)
Batting: RHB Brian Myers 0-0: Called Strike
0-1: Ball
1-1: Foul Ball, location: 2F
1-2: Ball
2-2: Strikes out swinging
Top of the 8th over - 1 run, 2 hits, 0 errors, 1 left on base; Twinsburg 5 - Bompton 0
BOTTOM OF THE 8TH
Bompton Baby Lakers batting - Pitching for Twinsburg Tigers : RHP Henry Terry
Batting: LHB Dan Knight 0-0: Ball
1-0: Called Strike
1-1: Fly out, F6 (Popup, 6MS, EV 81.9 MPH)
Batting: RHB Ken Gil 0-0: Called Strike
0-1: Ball
1-1: Ball
2-1: Ball
3-1: Foul Ball, location: 2F
3-2: Foul Ball, location: 2F
3-2: Foul Ball, location: 2F
3-2: Foul Ball, location: 2F
3-2: Foul Ball, location: 2F
3-2: Fly out, F9 (Flyball, 9S, EV 82.5 MPH)
Batting: RHB Jason Portillo 0-0: Fly out, F7 (Flyball, 7D, EV 88.1 MPH)
Bottom of the 8th over - 0 runs, 0 hits, 0 errors, 0 left on base; Twinsburg 5 - Bompton 0
TOP OF THE 9TH
Twinsburg Tigers batting - Pitching for Bompton Baby Lakers : RHP Yong-jun Yi
Batting: RHB Harold Dansey 0-0: Ball
1-0: Ground out 2-3 (Groundball, 13S, EV 68.1 MPH)
Batting: LHB Bobby O'Kennedy 0-0: Ball
1-0: Called Strike
1-1: Foul Ball, location: 2F
1-2: Strikes out swinging
Batting: RHB Axel Ruschmeyer 0-0: Foul Ball, location: 2F
0-1: Foul Ball, location: 2F
0-2: Ball
1-2: Ball
2-2: Fly out, F9 (Line Drive, 9, EV 93.8 MPH)
Top of the 9th over - 0 runs, 0 hits, 0 errors, 0 left on base; Twinsburg 5 - Bompton 0
BOTTOM OF THE 9TH
Bompton Baby Lakers batting - Pitching for Twinsburg Tigers : RHP Henry Terry
Batting: LHB Jonathan Winston 0-0: Ball
1-0: Ball
2-0: Called Strike
2-1: Ball
3-1: Base on Balls
Batting: LHB Jon Kelly 0-0: Fly out, F4 (Flyball, 4D, EV 70.6 MPH)
Pitching: RHP Juan Rivera
Batting: RHB Steffen Schulte 0-0: Ball
1-0: Ball
2-0: Foul Ball, location: 2F
2-1: Called Strike
2-2: Ball
3-2: Strikes out looking
Batting: RHB Denny Wolfe 0-0: Foul Ball, location: 2F
0-1: Fly out, F4 (Flyball, 4MD, EV 88.8 MPH)
Bottom of the 9th over - 0 runs, 0 hits, 0 errors, 1 left on base; Twinsburg 5 - Bompton 0
Friday, April 17th, 2020 - OOTP Baseball 20.8 Build 74